Avalanches vs Penguins

Created - 6 janvier 2022 at 16:49

Goals
1 2 3 T
Avalanches 0 0 4 4
Penguins 0 1 1 2
Shots
1 2 3 T
Avalanches 8 6 12 26
Penguins 12 17 11 40

GoalsPenalties
1st period
No Goal
Sami Vatanen (PIT) for Goalie Interference (Minor) at 5:08
Josh Manson (COL) for Slashing (Minor) at 16:47
2nd period
1. Penguins , Brett Connolly 8 (Niklas Hjalmarsson 19, Jonathan Drouin 13) at 3:45
Boone Jenner (COL) for High sticking (Minor) at 1:16
Trevor Lewis (PIT) for Cross-checking (Minor) at 15:15
John Moore (COL) for Hooking (Minor) at 15:15
James Neal (COL) for Interference (Minor) at 17:53
3rd period
2. Avalanches , Boone Jenner 9 (Pius Suter 11, Alex Goligoski 27) at 0:38
3. Avalanches , Boone Jenner 10 (Josh Manson 16, James Neal 7) at 3:03
4. Avalanches , Pius Suter 14 (Adam Larsson 10, John Moore 8) at 5:55
5. Penguins , Leon Draisaitl 20 (Filip Zadina 8, Dan Hamhuis 5) at 9:46
6. Avalanches , Adam Larsson 4 (Pavel Zacha 18) at 12:16 (PP)
Duncan Keith (PIT) for Hooking (Minor) at 6:30
Brett Connolly (PIT) for Interference (Minor) at 12:14
Goalie Stats
Robin Lehner (COL), 38 saves from 40 shots - (0,950), W, 13-11-3, 60:00 minutes
Thatcher Demko (PIT), 22 saves from 26 shots - (0,846), L, 11-13-2, 60:00 minutes
3 StarsOfficial
1 - Boone Jenner (COL)
2 - Adam Larsson (COL)
3 - Robin Lehner (COL)
Referees : Jon Mclsaac and Mike Leggo
Linesman : Bryan Pancich and Mike Cvik
Game Note
No Game Note



Team Name Goals Shots Shots Attemp Shots Blocked PIM HIT PP PK FO%
Avalanches 4265558231 / 3 (33%)044%
Penguins 2406968250 / 3 (0%)156%

Avalanches
Player Name POS G A P +/- PIM HIT SHT SB MP PP MP PP SHT PK MP PK SHT FO% FOT
Adam LarssonD1121014018:092:1513:2300% 0
Alex GalchenyukC/LW0000000011:331:5803:56050% 4
Alex GoligoskiD011-1001026:102:1503:1900% 0
Boone JennerC/LW2021224020:151:5811:53029% 28
Colin WilsonC/LW/RW000001105:390:0000:0000% 0
Derek RyanC/RW0000021015:132:0202:32074% 19
Eric StaalC000000005:390:0000:00057% 7
James NealLW/RW0111200015:370:0000:0000% 1
James van RiemsdykLW0000002022:472:0203:25050% 2
John MooreD0111200111:480:0000:3400% 0
Josh MansonD0111220324:451:4502:0400% 0
Nick BjugstadC/RW0000012010:390:0000:0000% 1
Pavel ZachaC/LW0110021019:222:0210:00041% 29
Pius SuterC1121003018:231:5800:0000% 2
Robert HaggD000-1070121:371:4502:3400% 0
Ryan DonatoC/LW0000001010:470:0000:0800% 1
T.J. OshieLW/RW0000043016:080:0000:00060% 5
Zach WhitecloudD0001013017:290:0000:0000% 0
Penguins
Player Name POS G A P +/- PIM HIT SHT SB MP PP MP PP SHT PK MP PK SHT FO% FOT
Arthur KaliyevRW000-1001013:520:0001:5500% 1
Brady TkachukLW0001044020:102:5402:0310% 2
Brett ConnollyRW101-1201015:440:0000:000100% 1
Colton SissonsC/LW/RW000-1015019:513:0320:00064% 28
Dan HamhuisD0110040115:460:0002:2400% 0
Dominic ToninatoC000001007:340:0001:57058% 12
Duncan KeithD000-2213222:262:5401:0300% 0
Filip ZadinaRW0111004018:163:0300:0000% 1
Jonathan DrouinC/LW/RW011-1013019:422:5400:00050% 2
Leon DraisaitlC/LW/RW1011008018:352:5420:00056% 32
Nick HoldenD0001061120:130:0002:0200% 0
Nick RitchieLW000002208:403:0320:0000% 1
Niklas HjalmarssonD0111003021:553:0322:0900% 0
Richard PanikLW/RW000-1001011:570:0000:0000% 0
Sami VatanenD000-2211123:132:5410:2200% 0
Trevor LewisC/LW/RW000020005:380:0000:0200% 2
Ty SmithD0000002116:253:0320:0000% 0
Zack SmithC/LW000-1041014:000:0002:03059% 17

Avalanches

5 vs 5 Forward
Line #Left WingCenterRight WingPHYDFOFWanted %Time %Time Play
1James van RiemsdykPavel ZachaT.J. Oshie0233234%16:08
2Pius SuterBoone JennerJames Neal0233233%15:38
3Ryan DonatoDerek RyanNick Bjugstad0232422%10:39
4Alex GalchenyukEric StaalColin Wilson0231212%5:39
5 vs 5 Defense
Line #DefenseDefensePHYDFOFWanted %Time %Time Play
1Zach WhitecloudJosh Manson1133536%17:29
2Alex GoligoskiRobert Hagg1133535%16:35
3Adam LarssonJohn Moore3111823%11:15
4Josh MansonAlex Goligoski113126%2:45
Power Play Forward
Line #Left WingCenterRight WingPHYDFOFWanted %Time %Time Play
1James van RiemsdykPavel ZachaDerek Ryan0146051%2:02
2Alex GalchenyukBoone JennerPius Suter0144049%1:58
Power Play Defense
Line #DefenseDefensePHYDFOFWanted %Time %Time Play
1Adam LarssonAlex Goligoski0146056%2:15
2Josh MansonRobert Hagg0144044%1:45
Penalty Kill 4 Players Forward
Line #CenterWingPHYDFOFWanted %Time %Time Play
1Boone JennerJames van Riemsdyk0415057%3:25
2Derek RyanAlex Galchenyuk0415043%2:32
Penalty Kill 4 Players Defense
Line #DefenseDefensePHYDFOFWanted %Time %Time Play
1Robert HaggAlex Goligoski1405543%2:34
2Adam LarssonJosh Manson1404557%3:23
Penalty Kill 3 Players
Line #WingPHYDFOFWanted %Time %Time PlayDefenseDefensePHYDFOFWanted %Time %Time Play
1Boone Jenner041500%0:00 Zach WhitecloudAlex Goligoski140500%0:00
2Derek Ryan041500%0:00 Adam LarssonJosh Manson140500%0:00
4 vs 4 Forward
Line #CenterWingPHYDFOFWanted %Time %Time Play
1Pavel ZachaJames van Riemsdyk0235561%1:12
2Boone JennerPius Suter0234539%0:47
4 vs 4 Defense
Line #DefensePHYDFOFWanted %Time %Time Play
1Adam LarssonAlex Goligoski0236064%60% - 1:16
2Josh MansonRobert Hagg1224036%40% - 0:43
Last Minutes Offensive
Left WingCenterRight WingDefenseDefense
James van RiemsdykPavel ZachaT.J. OshieZach WhitecloudAlex Goligoski
Last Minutes Defensive
Left WingCenterRight WingDefenseDefense
Pavel ZachaBoone JennerDerek RyanZach WhitecloudAlex Goligoski
Time
Total ForwardTotal DefenseLast Minutes OffensiveLast Minutes Defensive
60:00 60:00 0:000:00
Extra Forwards
Normal PowerPlayPenalty Kill
James van Riemsdyk, Pavel Zacha, Boone JennerJames van Riemsdyk, Pavel ZachaBoone Jenner
Extra Defensemen
Normal PowerPlayPenalty Kill
Adam Larsson, Alex Goligoski, Josh MansonAlex Goligoski, Adam LarssonAlex Goligoski
Penalty Shots
Pius Suter, James van Riemsdyk, Pavel Zacha, Alex Galchenyuk, James Neal
Goalie
Robin Lehner, Jaroslav Halak
Custom OT Lines Forwards
James van Riemsdyk, Pavel Zacha, T.J. Oshie, Boone Jenner, Nick Bjugstad, Eric Staal, Alex Galchenyuk, Pius Suter, Derek Ryan, James Neal
Custom OT Lines Defensemen
Zach Whitecloud, Alex Goligoski, Josh Manson, Adam Larsson, Robert Hagg
Scratches
Jarred Tinordi (Healthy), Justin Williams (Healthy), Adin Hill (Healthy)

Penguins

5 vs 5 Forward
Line #Left WingCenterRight WingPHYDFOFWanted %Time %Time Play
1Brady TkachukLeon DraisaitlFilip Zadina0233432%15:13
2Jonathan DrouinColton SissonsBrett Connolly0233232%15:17
3Richard PanikZack SmithArthur Kaliyev1312425%11:57
4Nick RitchieDominic ToninatoTrevor Lewis1311012%5:37
5 vs 5 Defense
Line #DefenseDefensePHYDFOFWanted %Time %Time Play
1Duncan KeithSami Vatanen0233838%18:30
2Nick HoldenNiklas Hjalmarsson1313635%16:43
3Dan HamhuisTy Smith1312625%11:58
4Nick HoldenSami Vatanen12202%0:53
Power Play Forward
Line #Left WingCenterRight WingPHYDFOFWanted %Time %Time Play
1Brady TkachukLeon DraisaitlJonathan Drouin0055049%2:54
2Nick RitchieColton SissonsFilip Zadina0055051%3:03
Power Play Defense
Line #DefenseDefensePHYDFOFWanted %Time %Time Play
1Duncan KeithSami Vatanen0235049%2:54
2Ty SmithNiklas Hjalmarsson0235051%3:03
Penalty Kill 4 Players Forward
Line #CenterWingPHYDFOFWanted %Time %Time Play
1Zack SmithBrady Tkachuk0505051%2:03
2Dominic ToninatoArthur Kaliyev0505049%1:57
Penalty Kill 4 Players Defense
Line #DefenseDefensePHYDFOFWanted %Time %Time Play
1Duncan KeithDan Hamhuis1405069%2:46
2Nick HoldenNiklas Hjalmarsson1405031%1:14
Penalty Kill 3 Players
Line #WingPHYDFOFWanted %Time %Time PlayDefenseDefensePHYDFOFWanted %Time %Time Play
1Zack Smith050500%0:00 Sami VatanenNick Holden050500%0:00
2Colton Sissons050500%0:00 Dan HamhuisTy Smith050500%0:00
4 vs 4 Forward
Line #CenterWingPHYDFOFWanted %Time %Time Play
1Leon DraisaitlBrett Connolly0235024%0:28
2Colton SissonsJonathan Drouin0235076%1:31
4 vs 4 Defense
Line #DefensePHYDFOFWanted %Time %Time Play
1Nick HoldenSami Vatanen0325029%50% - 0:35
2Ty SmithDan Hamhuis0325071%50% - 1:24
Last Minutes Offensive
Left WingCenterRight WingDefenseDefense
Brady TkachukLeon DraisaitlJonathan DrouinNick HoldenSami Vatanen
Last Minutes Defensive
Left WingCenterRight WingDefenseDefense
Jonathan DrouinColton SissonsFilip ZadinaNick HoldenSami Vatanen
Time
Total ForwardTotal DefenseLast Minutes OffensiveLast Minutes Defensive
60:00 60:00 0:000:00
Extra Forwards
Normal PowerPlayPenalty Kill
Leon Draisaitl, Jonathan Drouin, Brady TkachukRichard Panik, Jonathan DrouinTrevor Lewis
Extra Defensemen
Normal PowerPlayPenalty Kill
Duncan Keith, Nick Holden, Dan HamhuisSami Vatanen, Niklas HjalmarssonNick Holden
Penalty Shots
Leon Draisaitl, Jonathan Drouin, Brady Tkachuk, Filip Zadina, Arthur Kaliyev
Goalie
Thatcher Demko, Ben Bishop
Custom OT Lines Forwards
Leon Draisaitl, Brady Tkachuk, Filip Zadina, Arthur Kaliyev, Colton Sissons, Jonathan Drouin, Nick Ritchie, Brett Connolly, Zack Smith, Trevor Lewis
Custom OT Lines Defensemen
Sami Vatanen, Nick Holden, Duncan Keith, Niklas Hjalmarsson, Ty Smith
Scratches
Par Lindholm (Healthy), Greg McKegg (Healthy), Anton Khudobin (Healthy)


Play-by-Play

1st period


0:01 of 1st period - Pavel Zacha wins face-off versus Leon Draisaitl in neutral zone.
0:35 of 1st period - Shot by Leon Draisaitl.
0:35 of 1st period - Stopped by Robin Lehner with a rebound.
0:37 of 1st period - Shot by Duncan Keith.
0:37 of 1st period - Stopped by Robin Lehner without a rebound.
0:38 of 1st period - Colton Sissons wins face-off versus Boone Jenner in Avalanches zone.
0:57 of 1st period - Boone Jenner is hit by Colton Sissons and loses puck.
1:20 of 1st period - Shot by Pius Suter.
1:20 of 1st period - Shot Misses the Net.
1:22 of 1st period - Shot by Alex Goligoski.
1:22 of 1st period - Shot Misses the Net.
1:47 of 1st period - Shot by Arthur Kaliyev.
1:47 of 1st period - Stopped by Robin Lehner without a rebound.
1:48 of 1st period - Dominic Toninato wins face-off versus Eric Staal in Avalanches zone.
4:21 of 1st period - Shot by Leon Draisaitl.
4:21 of 1st period - Shot Misses the Net.
4:24 of 1st period - Icing by Robert Hagg.
4:25 of 1st period - Colton Sissons wins face-off versus Pavel Zacha in Avalanches zone.
5:08 of 1st period - Minor Penalty to Sami Vatanen for Goalie Interference.
5:09 of 1st period - Dominic Toninato wins face-off versus Alex Galchenyuk in Penguins zone.
5:17 of 1st period - Icing by Pius Suter.
5:18 of 1st period - Zack Smith wins face-off versus Boone Jenner in Avalanches zone.
5:25 of 1st period - Shot by Brady Tkachuk.
5:25 of 1st period - Stopped by Robin Lehner without a rebound.
5:26 of 1st period - Dominic Toninato wins face-off versus Pavel Zacha in Avalanches zone.
5:58 of 1st period - Shot by Josh Manson.
5:58 of 1st period - Deflect By Pavel Zacha.
5:58 of 1st period - Shot Hit the Post.
6:00 of 1st period - Shot by Josh Manson.
6:00 of 1st period - Shot Misses the Net.
6:58 of 1st period - Shot by Boone Jenner.
6:58 of 1st period - Stopped by Thatcher Demko with a rebound.
7:00 of 1st period - Shot by Alex Goligoski.
7:00 of 1st period - Deflect By Pius Suter.
7:00 of 1st period - Shot Misses the Net.
7:56 of 1st period - Shot by T.J. Oshie.
7:56 of 1st period - Shot Misses the Net.
7:58 of 1st period - Shot by Adam Larsson.
7:58 of 1st period - Stopped by Thatcher Demko with a rebound.
8:00 of 1st period - Shot by Adam Larsson.
8:00 of 1st period - Stopped by Thatcher Demko without a rebound.
8:01 of 1st period - Eric Staal wins face-off versus Dominic Toninato in Penguins zone.
8:01 of 1st period - Eric Staal is hit by Dan Hamhuis.
8:20 of 1st period - Off-side.
8:21 of 1st period - Leon Draisaitl wins face-off versus Pius Suter in neutral zone.
8:39 of 1st period - Icing by Duncan Keith.
8:40 of 1st period - Pavel Zacha wins face-off versus Brady Tkachuk in Penguins zone.
8:52 of 1st period - Sami Vatanen is hit by Pavel Zacha and loses puck.
9:28 of 1st period - Icing by Robert Hagg.
9:29 of 1st period - Colton Sissons wins face-off versus Pavel Zacha in Avalanches zone.
9:29 of 1st period - Dan Hamhuis is hit by Robert Hagg and loses puck.
9:46 of 1st period - Shot by Colton Sissons.
9:46 of 1st period - Stopped by Robin Lehner without a rebound.
9:47 of 1st period - Zack Smith wins face-off versus Boone Jenner in Avalanches zone.
10:12 of 1st period - Shot by Zack Smith.
10:12 of 1st period - Stopped by Robin Lehner without a rebound.
10:13 of 1st period - Derek Ryan wins face-off versus Leon Draisaitl in Avalanches zone.
10:52 of 1st period - Shot by Nick Bjugstad.
10:52 of 1st period - Stopped by Thatcher Demko without a rebound.
10:53 of 1st period - Colton Sissons wins face-off versus Boone Jenner in Penguins zone.
10:59 of 1st period - Off-side.
11:00 of 1st period - Boone Jenner wins face-off versus Zack Smith in neutral zone.
11:00 of 1st period - Pius Suter is hit by Zack Smith.
11:06 of 1st period - Shot by Boone Jenner.
11:06 of 1st period - Shot Misses the Net.
11:08 of 1st period - Shot by Josh Manson.
11:08 of 1st period - Shot Misses the Net.
11:10 of 1st period - Shot by Pius Suter.
11:10 of 1st period - Stopped by Thatcher Demko without a rebound.
11:11 of 1st period - Colton Sissons wins face-off versus Pavel Zacha in Penguins zone.
11:11 of 1st period - Colton Sissons is hit by Pavel Zacha.
11:17 of 1st period - Niklas Hjalmarsson is hit by T.J. Oshie.
11:20 of 1st period - Off-side.
11:21 of 1st period - Leon Draisaitl wins face-off versus Boone Jenner in neutral zone.
11:21 of 1st period - Leon Draisaitl is hit by Boone Jenner.
11:33 of 1st period - Shot by Duncan Keith.
11:33 of 1st period - Stopped by Robin Lehner without a rebound.
11:34 of 1st period - Zack Smith wins face-off versus James van Riemsdyk in Avalanches zone.
12:39 of 1st period - Shot by Leon Draisaitl.
12:39 of 1st period - Stopped by Robin Lehner with a rebound.
13:30 of 1st period - Sami Vatanen is hit by Josh Manson and loses puck.
13:44 of 1st period - Pius Suter is hit by Duncan Keith and loses puck.
13:54 of 1st period - Icing by Filip Zadina.
13:55 of 1st period - Derek Ryan wins face-off versus Leon Draisaitl in Penguins zone.
13:56 of 1st period - Shot by Ryan Donato.
13:56 of 1st period - Stopped by Thatcher Demko without a rebound.
13:57 of 1st period - Derek Ryan wins face-off versus Colton Sissons in Penguins zone.
13:57 of 1st period - John Moore is hit by Nick Holden and loses puck.
14:03 of 1st period - Derek Ryan is hit by Nick Holden.
14:14 of 1st period - Derek Ryan is hit by Nick Holden and loses puck.
14:59 of 1st period - Shot by Colin Wilson.
14:59 of 1st period - Stopped by Thatcher Demko with a rebound.
15:01 of 1st period - Shot by Zach Whitecloud.
15:01 of 1st period - Stopped by Thatcher Demko without a rebound.
15:02 of 1st period - Zack Smith wins face-off versus Boone Jenner in Penguins zone.
16:06 of 1st period - Icing by James van Riemsdyk.
16:07 of 1st period - Pavel Zacha wins face-off versus Leon Draisaitl in Avalanches zone.
16:09 of 1st period - Icing by T.J. Oshie.
16:10 of 1st period - Pavel Zacha wins face-off versus Leon Draisaitl in Avalanches zone.
16:10 of 1st period - Pavel Zacha is hit by Brady Tkachuk.
16:47 of 1st period - Minor Penalty to Josh Manson for Slashing.
16:48 of 1st period - Colton Sissons wins face-off versus Derek Ryan in Avalanches zone.
16:55 of 1st period - Shot by Niklas Hjalmarsson.
16:55 of 1st period - Stopped by Robin Lehner without a rebound.
16:56 of 1st period - Derek Ryan wins face-off versus Nick Ritchie in Avalanches zone.
17:23 of 1st period - Shot by Nick Ritchie.
17:23 of 1st period - Stopped by Robin Lehner without a rebound.
17:24 of 1st period - Derek Ryan wins face-off versus Leon Draisaitl in Avalanches zone.
17:35 of 1st period - Shot by Jonathan Drouin.
17:35 of 1st period - Deflect By Leon Draisaitl.
17:35 of 1st period - Stopped by Robin Lehner without a rebound.
17:36 of 1st period - Boone Jenner wins face-off versus Leon Draisaitl in Avalanches zone.
17:42 of 1st period - Icing by Leon Draisaitl.
17:43 of 1st period - Leon Draisaitl wins face-off versus Boone Jenner in Penguins zone.
17:56 of 1st period - Shot by Sami Vatanen.
17:56 of 1st period - Shot Hit the Post.
18:26 of 1st period - Shot by Sami Vatanen.
18:26 of 1st period - Stopped by Robin Lehner without a rebound.
18:27 of 1st period - James van Riemsdyk wins face-off versus Colton Sissons in Avalanches zone.
18:46 of 1st period - James van Riemsdyk is hit by Nick Ritchie and loses puck.
Goals for this period are 0 for Avalanches vs 0 for Penguins.
Shots for this period are 8 for Avalanches vs 12 for Penguins.

2nd period


0:01 of 2nd period - Jonathan Drouin wins face-off versus Boone Jenner in neutral zone.
0:16 of 2nd period - Boone Jenner is hit by Jonathan Drouin and loses puck.
0:23 of 2nd period - Shot by Colton Sissons.
0:23 of 2nd period - Deflect By Jonathan Drouin.
0:23 of 2nd period - Stopped by Robin Lehner without a rebound.
0:24 of 2nd period - Leon Draisaitl wins face-off versus Pavel Zacha in Avalanches zone.
1:03 of 2nd period - Shot by Leon Draisaitl.
1:03 of 2nd period - Shot Blocked by John Moore.
1:05 of 2nd period - Shot by Duncan Keith.
1:05 of 2nd period - Stopped by Robin Lehner without a rebound.
1:06 of 2nd period - Boone Jenner wins face-off versus Colton Sissons in Avalanches zone.
1:16 of 2nd period - Minor Penalty to Boone Jenner for High sticking.
1:17 of 2nd period - Derek Ryan wins face-off versus Colton Sissons in Avalanches zone.
1:38 of 2nd period - Shot by Nick Ritchie.
1:38 of 2nd period - Stopped by Robin Lehner without a rebound.
1:39 of 2nd period - Derek Ryan wins face-off versus Leon Draisaitl in Avalanches zone.
1:39 of 2nd period - Derek Ryan is hit by Brady Tkachuk.
2:00 of 2nd period - Shot by Duncan Keith.
2:00 of 2nd period - Shot Misses the Net.
2:18 of 2nd period - Shot by Sami Vatanen.
2:18 of 2nd period - Deflect By Leon Draisaitl.
2:18 of 2nd period - Stopped by Robin Lehner without a rebound.
2:19 of 2nd period - Derek Ryan wins face-off versus Colton Sissons in Avalanches zone.
2:33 of 2nd period - Shot by Colton Sissons.
2:33 of 2nd period - Stopped by Robin Lehner without a rebound.
2:34 of 2nd period - Colton Sissons wins face-off versus Alex Galchenyuk in Avalanches zone.
2:35 of 2nd period - Shot by Ty Smith.
2:35 of 2nd period - Stopped by Robin Lehner without a rebound.
2:36 of 2nd period - Alex Galchenyuk wins face-off versus Filip Zadina in Avalanches zone.
3:15 of 2nd period - Shot by Niklas Hjalmarsson.
3:15 of 2nd period - Stopped by Robin Lehner without a rebound.
3:16 of 2nd period - Zack Smith wins face-off versus Boone Jenner in Avalanches zone.
3:20 of 2nd period - Icing by Robert Hagg.
3:21 of 2nd period - Zack Smith wins face-off versus Pius Suter in Avalanches zone.
3:33 of 2nd period - Icing by Boone Jenner.
3:34 of 2nd period - Colton Sissons wins face-off versus Boone Jenner in Avalanches zone.
3:39 of 2nd period - Shot by Jonathan Drouin.
3:39 of 2nd period - Shot Misses the Net.
3:41 of 2nd period - Shot by Niklas Hjalmarsson.
3:41 of 2nd period - Shot Misses the Net.
3:43 of 2nd period - Shot by Niklas Hjalmarsson.
3:43 of 2nd period - Shot Misses the Net.
3:45 of 2nd period - Shot by Brett Connolly.
3:45 of 2nd period - Goal by Brett Connolly - Avalanches : 0 - Penguins : 1.
3:46 of 2nd period - Leon Draisaitl wins face-off versus Derek Ryan in neutral zone.
3:57 of 2nd period - Josh Manson is hit by Brady Tkachuk and loses puck.
4:46 of 2nd period - Shot by Brett Connolly.
4:46 of 2nd period - Shot Misses the Net.
4:50 of 2nd period - Shot by Jonathan Drouin.
4:50 of 2nd period - Stopped by Robin Lehner without a rebound.
4:51 of 2nd period - Zack Smith wins face-off versus James Neal in Avalanches zone.
4:52 of 2nd period - Shot by Richard Panik.
4:52 of 2nd period - Shot Misses the Net.
5:01 of 2nd period - James Neal is hit by Sami Vatanen and loses puck.
5:41 of 2nd period - Icing by Duncan Keith.
5:42 of 2nd period - Zack Smith wins face-off versus Pavel Zacha in Penguins zone.
6:08 of 2nd period - Shot by Nick Holden.
6:08 of 2nd period - Shot Misses the Net.
8:00 of 2nd period - Shot by Boone Jenner.
8:00 of 2nd period - Stopped by Thatcher Demko without a rebound.
8:01 of 2nd period - T.J. Oshie wins face-off versus Zack Smith in Penguins zone.
8:33 of 2nd period - Icing by Nick Holden.
8:34 of 2nd period - Derek Ryan wins face-off versus Zack Smith in Penguins zone.
8:43 of 2nd period - Shot by Josh Manson.
8:43 of 2nd period - Shot Misses the Net.
8:45 of 2nd period - Shot by Nick Bjugstad.
8:45 of 2nd period - Shot Blocked by Nick Holden.
8:56 of 2nd period - Shot by Derek Ryan.
8:56 of 2nd period - Shot Misses the Net.
9:11 of 2nd period - Ryan Donato is hit by Nick Holden and loses puck.
9:33 of 2nd period - Icing by Alex Goligoski.
9:34 of 2nd period - Colton Sissons wins face-off versus Boone Jenner in Avalanches zone.
9:53 of 2nd period - Shot by Pius Suter.
9:53 of 2nd period - Stopped by Thatcher Demko without a rebound.
9:54 of 2nd period - Pavel Zacha wins face-off versus Brady Tkachuk in Penguins zone.
10:01 of 2nd period - Shot by T.J. Oshie.
10:01 of 2nd period - Stopped by Thatcher Demko with a rebound.
10:15 of 2nd period - Shot by Filip Zadina.
10:15 of 2nd period - Stopped by Robin Lehner without a rebound.
10:16 of 2nd period - Colton Sissons wins face-off versus Boone Jenner in Avalanches zone.
10:35 of 2nd period - Shot by Pius Suter.
10:35 of 2nd period - Shot Misses the Net.
11:13 of 2nd period - Icing by Adam Larsson.
11:14 of 2nd period - Pavel Zacha wins face-off versus Leon Draisaitl in Avalanches zone.
11:14 of 2nd period - Pavel Zacha is hit by Brady Tkachuk.
11:20 of 2nd period - Brady Tkachuk is hit by T.J. Oshie.
11:26 of 2nd period - Shot by Brady Tkachuk.
11:26 of 2nd period - Shot Misses the Net.
11:36 of 2nd period - Shot by James van Riemsdyk.
11:36 of 2nd period - Stopped by Thatcher Demko without a rebound.
11:37 of 2nd period - Eric Staal wins face-off versus Dominic Toninato in Penguins zone.
11:47 of 2nd period - Trevor Lewis is hit by Zach Whitecloud and loses puck.
11:58 of 2nd period - Shot by Ty Smith.
11:58 of 2nd period - Shot Misses the Net.
12:00 of 2nd period - Shot by Dominic Toninato.
12:00 of 2nd period - Shot Misses the Net.
12:25 of 2nd period - Icing by Ty Smith.
12:26 of 2nd period - Dominic Toninato wins face-off versus Pavel Zacha in Penguins zone.
12:28 of 2nd period - Icing by Dan Hamhuis.
12:29 of 2nd period - Dominic Toninato wins face-off versus Pavel Zacha in Penguins zone.
13:10 of 2nd period - Jonathan Drouin is hit by Robert Hagg.
13:19 of 2nd period - Shot by Jonathan Drouin.
13:19 of 2nd period - Shot Misses the Net.
13:21 of 2nd period - Shot by Colton Sissons.
13:21 of 2nd period - Shot Misses the Net.
13:23 of 2nd period - Shot by Colton Sissons.
13:23 of 2nd period - Shot Misses the Net.
13:35 of 2nd period - Sami Vatanen is hit by T.J. Oshie.
14:07 of 2nd period - Shot by Zach Whitecloud.
14:07 of 2nd period - Stopped by Thatcher Demko without a rebound.
14:08 of 2nd period - Zack Smith wins face-off versus Ryan Donato in Penguins zone.
14:17 of 2nd period - Shot by Derek Ryan.
14:17 of 2nd period - Stopped by Thatcher Demko without a rebound.
14:18 of 2nd period - Eric Staal wins face-off versus Dominic Toninato in Penguins zone.
14:27 of 2nd period - Shot by Colin Wilson.
14:27 of 2nd period - Shot Blocked by Dan Hamhuis.
14:49 of 2nd period - Icing by Nick Ritchie.
14:50 of 2nd period - Dominic Toninato wins face-off versus Boone Jenner in Penguins zone.
14:50 of 2nd period - Trevor Lewis is hit by Boone Jenner and loses puck.
14:56 of 2nd period - Ty Smith is hit by Adam Larsson and loses puck.
15:13 of 2nd period - Adam Larsson is hit by Nick Ritchie and loses puck.
15:15 of 2nd period - Minor Penalty to Trevor Lewis for Cross-checking.
15:15 of 2nd period - Minor Penalty to John Moore for Hooking.
15:16 of 2nd period - Leon Draisaitl wins face-off versus Pavel Zacha in Avalanches zone.
15:21 of 2nd period - Shot by Leon Draisaitl.
15:21 of 2nd period - Stopped by Robin Lehner without a rebound.
15:22 of 2nd period - Colton Sissons wins face-off versus Pavel Zacha in Avalanches zone.
15:25 of 2nd period - Shot by Jonathan Drouin.
15:25 of 2nd period - Shot Misses the Net.
15:28 of 2nd period - Icing by Adam Larsson.
15:29 of 2nd period - Pavel Zacha wins face-off versus Leon Draisaitl in Avalanches zone.
15:48 of 2nd period - Shot by Leon Draisaitl.
15:48 of 2nd period - Shot Misses the Net.
15:50 of 2nd period - Shot by Nick Holden.
15:50 of 2nd period - Stopped by Robin Lehner without a rebound.
15:51 of 2nd period - Colton Sissons wins face-off versus Pavel Zacha in Avalanches zone.
16:02 of 2nd period - Shot by Dan Hamhuis.
16:02 of 2nd period - Shot Blocked by Josh Manson.
16:04 of 2nd period - Shot by Jonathan Drouin.
16:04 of 2nd period - Stopped by Robin Lehner with a rebound.
16:06 of 2nd period - Shot by Dan Hamhuis.
16:06 of 2nd period - Shot Misses the Net.
16:15 of 2nd period - Josh Manson is hit by Dan Hamhuis and loses puck.
16:23 of 2nd period - James van Riemsdyk is hit by Dan Hamhuis and loses puck.
16:27 of 2nd period - Icing by Ty Smith.
16:28 of 2nd period - Boone Jenner wins face-off versus Jonathan Drouin in Penguins zone.
16:34 of 2nd period - Pius Suter is hit by Dan Hamhuis and loses puck.
17:22 of 2nd period - Icing by Niklas Hjalmarsson.
17:23 of 2nd period - Derek Ryan wins face-off versus Leon Draisaitl in Penguins zone.
17:23 of 2nd period - Nick Bjugstad is hit by Nick Holden and loses puck.
17:38 of 2nd period - Shot by Filip Zadina.
17:38 of 2nd period - Stopped by Robin Lehner without a rebound.
17:39 of 2nd period - Zack Smith wins face-off versus Pavel Zacha in Avalanches zone.
17:42 of 2nd period - Shot by Richard Panik.
17:42 of 2nd period - Stopped by Robin Lehner without a rebound.
17:43 of 2nd period - Leon Draisaitl wins face-off versus Pavel Zacha in Avalanches zone.
17:52 of 2nd period - Icing by Duncan Keith.
17:53 of 2nd period - Leon Draisaitl wins face-off versus Boone Jenner in Penguins zone.
17:53 of 2nd period - Minor Penalty to James Neal for Interference.
17:54 of 2nd period - Leon Draisaitl wins face-off versus Derek Ryan in Avalanches zone.
18:02 of 2nd period - Icing by Sami Vatanen.
18:03 of 2nd period - Leon Draisaitl wins face-off versus Derek Ryan in Penguins zone.
18:44 of 2nd period - Shot by Jonathan Drouin.
18:44 of 2nd period - Shot Misses the Net.
18:46 of 2nd period - Shot by Duncan Keith.
18:46 of 2nd period - Shot Blocked by Josh Manson.
19:00 of 2nd period - Shot by Ty Smith.
19:00 of 2nd period - Stopped by Robin Lehner without a rebound.
19:01 of 2nd period - Derek Ryan wins face-off versus Colton Sissons in Avalanches zone.
19:36 of 2nd period - Shot by Niklas Hjalmarsson.
19:36 of 2nd period - Shot Misses the Net.
19:38 of 2nd period - Shot by Colton Sissons.
19:38 of 2nd period - Stopped by Robin Lehner without a rebound.
19:39 of 2nd period - Leon Draisaitl wins face-off versus Boone Jenner in Avalanches zone.
Goals for this period are 0 for Avalanches vs 1 for Penguins.
Shots for this period are 6 for Avalanches vs 17 for Penguins.

3rd period


0:01 of 3rd period - Colton Sissons wins face-off versus Boone Jenner in neutral zone.
0:08 of 3rd period - Shot by Brett Connolly.
0:08 of 3rd period - Shot Blocked by Robert Hagg.
0:34 of 3rd period - Shot by Pius Suter.
0:34 of 3rd period - Shot Blocked by Duncan Keith.
0:36 of 3rd period - Shot by Pius Suter.
0:36 of 3rd period - Shot Blocked by Duncan Keith.
0:38 of 3rd period - Shot by Boone Jenner.
0:38 of 3rd period - Goal by Boone Jenner - Avalanches : 1 - Penguins : 1.
0:39 of 3rd period - Leon Draisaitl wins face-off versus T.J. Oshie in neutral zone.
0:49 of 3rd period - Shot by Leon Draisaitl.
0:49 of 3rd period - Shot Misses the Net.
0:51 of 3rd period - Shot by Filip Zadina.
0:51 of 3rd period - Stopped by Robin Lehner without a rebound.
0:52 of 3rd period - Derek Ryan wins face-off versus Zack Smith in Avalanches zone.
1:15 of 3rd period - Shot by Derek Ryan.
1:15 of 3rd period - Shot Misses the Net.
1:17 of 3rd period - Shot by John Moore.
1:17 of 3rd period - Shot Misses the Net.
1:19 of 3rd period - Shot by Ryan Donato.
1:19 of 3rd period - Shot Misses the Net.
1:21 of 3rd period - Shot by Adam Larsson.
1:21 of 3rd period - Stopped by Thatcher Demko without a rebound.
1:22 of 3rd period - Pavel Zacha wins face-off versus Leon Draisaitl in Penguins zone.
1:47 of 3rd period - Brady Tkachuk is hit by T.J. Oshie.
2:38 of 3rd period - Icing by Jonathan Drouin.
2:39 of 3rd period - Derek Ryan wins face-off versus Colton Sissons in Penguins zone.
2:42 of 3rd period - Shot by Derek Ryan.
2:42 of 3rd period - Deflect By Nick Bjugstad.
2:42 of 3rd period - Shot Misses the Net.
2:45 of 3rd period - Icing by Duncan Keith.
2:46 of 3rd period - Colton Sissons wins face-off versus Boone Jenner in Penguins zone.
2:53 of 3rd period - Shot by James Neal.
2:53 of 3rd period - Shot Blocked by Sami Vatanen.
3:01 of 3rd period - Shot by Boone Jenner.
3:01 of 3rd period - Shot Misses the Net.
3:03 of 3rd period - Shot by Boone Jenner.
3:03 of 3rd period - Goal by Boone Jenner - Avalanches : 2 - Penguins : 1.
3:04 of 3rd period - Leon Draisaitl wins face-off versus Derek Ryan in neutral zone.
3:13 of 3rd period - Shot by Brady Tkachuk.
3:13 of 3rd period - Stopped by Robin Lehner without a rebound.
3:14 of 3rd period - Boone Jenner wins face-off versus Zack Smith in Avalanches zone.
3:14 of 3rd period - Boone Jenner is hit by Zack Smith.
3:17 of 3rd period - James Neal is hit by Zack Smith.
3:42 of 3rd period - Shot by Arthur Kaliyev.
3:42 of 3rd period - Shot Misses the Net.
3:44 of 3rd period - Shot by Niklas Hjalmarsson.
3:44 of 3rd period - Stopped by Robin Lehner without a rebound.
3:45 of 3rd period - Leon Draisaitl wins face-off versus Pavel Zacha in Avalanches zone.
3:50 of 3rd period - Shot by Leon Draisaitl.
3:50 of 3rd period - Deflect By Brady Tkachuk.
3:50 of 3rd period - Stopped by Robin Lehner without a rebound.
3:51 of 3rd period - Colton Sissons wins face-off versus Nick Bjugstad in Avalanches zone.
4:16 of 3rd period - Shot by Derek Ryan.
4:16 of 3rd period - Shot Misses the Net.
4:44 of 3rd period - Off-side.
4:45 of 3rd period - Pavel Zacha wins face-off versus Leon Draisaitl in neutral zone.
5:24 of 3rd period - Shot by Filip Zadina.
5:24 of 3rd period - Shot Misses the Net.
5:51 of 3rd period - Shot by Pius Suter.
5:51 of 3rd period - Shot Misses the Net.
5:55 of 3rd period - Shot by Pius Suter.
5:55 of 3rd period - Goal by Pius Suter - Avalanches : 3 - Penguins : 1.
5:56 of 3rd period - Colton Sissons wins face-off versus Eric Staal in neutral zone.
5:56 of 3rd period - Jonathan Drouin is hit by Colin Wilson and loses puck.
6:30 of 3rd period - Minor Penalty to Duncan Keith for Hooking.
6:31 of 3rd period - Dominic Toninato wins face-off versus Pavel Zacha in Penguins zone.
6:44 of 3rd period - Dominic Toninato is hit by Derek Ryan.
6:58 of 3rd period - Dan Hamhuis is hit by Derek Ryan and loses puck.
7:09 of 3rd period - Shot by Pavel Zacha.
7:09 of 3rd period - Stopped by Thatcher Demko without a rebound.
7:10 of 3rd period - Alex Galchenyuk wins face-off versus Dominic Toninato in Penguins zone.
8:19 of 3rd period - Shot by Alex Goligoski.
8:19 of 3rd period - Shot Misses the Net.
8:21 of 3rd period - Shot by Derek Ryan.
8:21 of 3rd period - Shot Misses the Net.
8:35 of 3rd period - Shot by Ryan Donato.
8:35 of 3rd period - Deflect By Nick Bjugstad.
8:35 of 3rd period - Stopped by Thatcher Demko without a rebound.
8:36 of 3rd period - Colton Sissons wins face-off versus Eric Staal in Penguins zone.
9:15 of 3rd period - Shot by Colton Sissons.
9:15 of 3rd period - Shot Blocked by Josh Manson.
9:17 of 3rd period - Shot by Colton Sissons.
9:17 of 3rd period - Stopped by Robin Lehner without a rebound.
9:18 of 3rd period - Leon Draisaitl wins face-off versus Boone Jenner in Avalanches zone.
9:46 of 3rd period - Shot by Leon Draisaitl.
9:46 of 3rd period - Goal by Leon Draisaitl - Avalanches : 3 - Penguins : 2.
9:47 of 3rd period - T.J. Oshie wins face-off versus Zack Smith in neutral zone.
9:58 of 3rd period - Shot by Pavel Zacha.
9:58 of 3rd period - Shot Misses the Net.
10:40 of 3rd period - Richard Panik is hit by Robert Hagg and loses puck.
10:47 of 3rd period - Shot by Alex Goligoski.
10:47 of 3rd period - Stopped by Thatcher Demko with a rebound.
10:49 of 3rd period - Shot by Boone Jenner.
10:49 of 3rd period - Shot Misses the Net.
11:19 of 3rd period - Alex Goligoski is hit by Zack Smith and loses puck.
11:23 of 3rd period - Icing by Alex Goligoski.
11:24 of 3rd period - Boone Jenner wins face-off versus Leon Draisaitl in Avalanches zone.
12:14 of 3rd period - Minor Penalty to Brett Connolly for Interference.
12:15 of 3rd period - Pavel Zacha wins face-off versus Trevor Lewis in Penguins zone.
12:16 of 3rd period - Shot by Adam Larsson.
12:16 of 3rd period - Goal by Adam Larsson - Avalanches : 4 - Penguins : 2.
12:17 of 3rd period - Pavel Zacha wins face-off versus Colton Sissons in neutral zone.
12:19 of 3rd period - Off-side.
12:20 of 3rd period - T.J. Oshie wins face-off versus Colton Sissons in neutral zone.
12:35 of 3rd period - Shot by James van Riemsdyk.
12:35 of 3rd period - Stopped by Thatcher Demko with a rebound.
12:39 of 3rd period - Shot by T.J. Oshie.
12:39 of 3rd period - Stopped by Thatcher Demko without a rebound.
12:40 of 3rd period - Leon Draisaitl wins face-off versus Boone Jenner in Penguins zone.
12:59 of 3rd period - Icing by Sami Vatanen.
13:00 of 3rd period - Leon Draisaitl wins face-off versus T.J. Oshie in Penguins zone.
13:08 of 3rd period - Icing by Sami Vatanen.
13:09 of 3rd period - Leon Draisaitl wins face-off versus Pavel Zacha in Penguins zone.
13:24 of 3rd period - Shot by Brady Tkachuk.
13:24 of 3rd period - Stopped by Robin Lehner without a rebound.
13:25 of 3rd period - Brett Connolly wins face-off versus Boone Jenner in Avalanches zone.
13:40 of 3rd period - Shot by Colton Sissons.
13:40 of 3rd period - Stopped by Robin Lehner with a rebound.
13:55 of 3rd period - Pius Suter is hit by Nick Holden.
14:57 of 3rd period - Shot by Filip Zadina.
14:57 of 3rd period - Stopped by Robin Lehner without a rebound.
14:58 of 3rd period - Derek Ryan wins face-off versus Arthur Kaliyev in Avalanches zone.
15:37 of 3rd period - Sami Vatanen is hit by Nick Bjugstad and loses puck.
15:59 of 3rd period - Icing by Sami Vatanen.
16:00 of 3rd period - Pavel Zacha wins face-off versus Zack Smith in Penguins zone.
16:11 of 3rd period - Shot by T.J. Oshie.
16:11 of 3rd period - Stopped by Thatcher Demko with a rebound.
16:16 of 3rd period - Sami Vatanen is hit by Robert Hagg and loses puck.
16:40 of 3rd period - Icing by Alex Goligoski.
16:41 of 3rd period - Colton Sissons wins face-off versus Pavel Zacha in Avalanches zone.
16:43 of 3rd period - Jonathan Drouin is hit by Robert Hagg and loses puck.
17:11 of 3rd period - Colton Sissons is hit by Robert Hagg.
17:24 of 3rd period - Colton Sissons is hit by Robert Hagg and loses puck.
18:01 of 3rd period - Shot by Leon Draisaitl.
18:01 of 3rd period - Stopped by Robin Lehner with a rebound.
18:04 of 3rd period - Brady Tkachuk is hit by Josh Manson and loses puck.
18:09 of 3rd period - Shot by Leon Draisaitl.
18:09 of 3rd period - Shot Hit the Post.
18:11 of 3rd period - Shot by Leon Draisaitl.
18:11 of 3rd period - Stopped by Robin Lehner without a rebound.
18:12 of 3rd period - Boone Jenner wins face-off versus Trevor Lewis in Avalanches zone.
18:12 of 3rd period - Boone Jenner is hit by Dominic Toninato.
18:23 of 3rd period - Icing by Duncan Keith.
18:24 of 3rd period - Eric Staal wins face-off versus Dominic Toninato in Penguins zone.
18:59 of 3rd period - Shot by Colin Wilson.
18:59 of 3rd period - Shot Misses the Net.
19:01 of 3rd period - Shot by Zach Whitecloud.
19:01 of 3rd period - Stopped by Thatcher Demko without a rebound.
19:02 of 3rd period - Boone Jenner wins face-off versus Colton Sissons in Penguins zone.
19:03 of 3rd period - Shot by James Neal.
19:03 of 3rd period - Deflect By Boone Jenner.
19:03 of 3rd period - Shot Blocked by Ty Smith.
Goals for this period are 4 for Avalanches vs 1 for Penguins.
Shots for this period are 12 for Avalanches vs 11 for Penguins.




Output by the SimonT Hockey Simulator (STHS) for Eric Henault - Original Page W3C HTML5 Valid
Hockey Simulator - Hockey Simulation - Hockey Manager